 Dungeon Crawl Stone Soup version 0.19.0 (webtiles) character file.

853 AlphabetPasta the Cudgeler (level 8, -4/83 HPs)
             Began as an Ogre Abyssal Knight on Nov 15, 2016.
             Was a Priest of Lugonu.
             Slain by Prince Ribbit (17 damage)
             ... on level 5 of the Dungeon.
             The game lasted 00:17:36 (6032 turns).

AlphabetPasta the Cudgeler (Ogre Abyssal Knight)    Turns: 6032, Time: 00:17:36

Health: -4/83      AC:  3    Str: 20    XL:     8   Next: 1%
Magic:  11/11      EV: 11    Int: 11    God:    Lugonu [***...]
Gold:   204        SH:  0    Dex: 11    Spells: 0 memorised, 7 levels left

rFire  . . .     SeeInvis .     a - +2 mace
rCold  . . .     Gourm    .     b - +0 robe
rNeg   . . .     Faith    .     (no shield)
rPois  .         Spirit   .     (helmet restricted)
rElec  .         Reflect  .     (no cloak)
rCorr  .         Harm     .     (gloves unavailable)
MR     .....                    (boots unavailable)
Stlth  +.........               (no amulet)
                                (no ring)
                                (no ring)

@: no status effects
A: unfitting armour, antennae 1, strong 1, tough skin 1
a: Depart the Abyss, Bend Space, Banish, Renounce Religion


You were on level 5 of the Dungeon.
You worshipped Lugonu.
Lugonu was most pleased with you.
You were not hungry.

You visited 1 branch of the dungeon, and saw 5 of its levels.
You visited the Abyss 1 time.

You collected 204 gold pieces.

Inventory:

Hand Weapons
 a - a +2 mace (weapon)
 l - a +0 blowgun
Missiles
 m - 15 poisoned needles
 p - 2 tomahawks (quivered)
Armour
 b - a +0 robe (worn)
Jewellery
 i - a cursed -2 ring of strength {unknown}
Wands
 d - a wand of slowing (21/48)
 t - a wand of flame (23/48)
Scrolls
 o - a scroll of recharging
Potions
 e - a potion of degeneration {unknown}
 f - 2 potions of berserk rage {unknown}
 h - a potion of resistance {unknown}
 j - 2 potions of curing
 k - a potion of ambrosia {unknown}
Comestibles
 c - 4 bread rations
 g - 4 beef jerkies
 q - 3 fruits


   Skills:
 + Level 6.3 Fighting
 * Level 7.6 Maces & Flails
 + Level 2.2 Throwing
 + Level 3.7 Dodging
 + Level 4.4 Invocations


You had 7 spell levels left.
You didn't know any spells.

Dungeon Overview and Level Annotations

Branches:
Dungeon (5/15)             Temple (0/1) D:4

Altars:
Cheibriados
Elyvilon
Kikubaaqudgha

Annotations:
D:5 Prince Ribbit


Innate Abilities, Weirdness & Mutations

You are too large for most types of armour.
You have tough skin. (AC +1)
You have a pair of small antennae on your head.
Your muscles are strong. (Str +2)


Message History

Prince Ribbit is moderately wounded.
Prince Ribbit blinks!
There is a stone staircase leading up here.
You barely miss Prince Ribbit.
Prince Ribbit is lightly wounded.
Prince Ribbit hits you.
* * * LOW HITPOINT WARNING * * *
Prince Ribbit barely misses you.
You closely miss Prince Ribbit.
Prince Ribbit is lightly wounded.
Prince Ribbit hits you but does no damage.
You sock Prince Ribbit!
Prince Ribbit is heavily wounded.
Prince Ribbit hits you!
* * * LOW HITPOINT WARNING * * *
Prince Ribbit barely misses you.
You miss Prince Ribbit.
Prince Ribbit is heavily wounded.
Prince Ribbit hits you!
You die...

.. ######### .... #.......#
.... #.......#
....##############.......##
..................(........
........................##
..#.......######.......#
#.........####....:..#
#....F@.....##.......#
..........####.#.##.......#
..........# .# ####.#####
..........# .# #..#
..........# # ##.#
..........# #.##
..........# #..#
.....?....# ##.## #..#


You could see Prince Ribbit.

Vanquished Creatures
  Duvessa (D:5)
  A sky beast (D:5)
  Blork the orc (D:5)
  Dowan (D:5)
  2 howler monkeys
  2 orc wizards (D:4)
  Terence (D:3)
  An orc priest (D:4)
  A bullfrog skeleton (D:3)
  2 worker ants
  A hound skeleton (D:4)
  10 adders
  3 gnolls (D:4)
  An ooze (D:3)
  2 adder skeletons (D:4)
  2 dart slugs
  3 worms
  5 leopard geckos
  7 orcs
  5 bats
  8 giant cockroaches
  8 goblins
  7 hobgoblins
  4 jackals (D:2)
  10 kobolds
  4 quokkas
  10 ball pythons
  6 frilled lizards
  A giant cockroach zombie (D:5)
  4 rats
114 creatures vanquished.

Vanquished Creatures (others)
  A withered plant (D:4)
1 creature vanquished.

Grand Total: 115 creatures vanquished

Notes
Turn   | Place    | Note
-------+----------+-------------------------------------------
     0 | Abyss:1  | AlphabetPasta the Ogre Abyssal Knight began the quest for the Orb.
     0 | Abyss:1  | Reached XP level 1. HP: 24/24 MP: 2/2
    20 | D:1      | Escaped the Abyss
   181 | D:1      | Reached skill level 3 in Maces & Flails
   195 | D:1      | Reached XP level 2. HP: 24/32 MP: 3/3
   815 | D:2      | Reached XP level 3. HP: 20/40 MP: 4/4
  1207 | D:2      | Reached ** piety under Lugonu
  1276 | D:2      | Reached skill level 4 in Maces & Flails
  1566 | D:2      | Gained mutation: Your muscles are strong. (Str +2) [potion of beneficial mutation]
  1567 | D:2      | Gained mutation: You have a pair of small antennae on your head. [potion of beneficial mutation]
  1570 | D:2      | Reached XP level 4. HP: 30/49 MP: 5/5
  1603 | D:2      | HP: 1/49 [leopard gecko (3)]
  2030 | D:3      | Noticed Terence
  2047 | D:3      | Killed Terence
  2047 | D:3      | Reached XP level 5. HP: 18/55 MP: 7/7
  2260 | D:3      | Reached skill level 5 in Maces & Flails
  2290 | D:3      | Reached skill level 5 in Fighting
  2682 | D:3      | Found a snail-covered altar of Cheibriados.
  3250 | D:3      | Reached XP level 6. HP: 30/66 MP: 8/8
  3483 | D:4      | Reached skill level 6 in Maces & Flails
  3821 | D:4      | Reached *** piety under Lugonu
  4080 | D:4      | Reached skill level 1 in Throwing
  4214 | D:4      | Reached XP level 7. HP: 15/74 MP: 9/9
  4565 | D:4      | Found a staircase to the Ecumenical Temple.
  4597 | D:4      | Found an ancient bone altar of Kikubaaqudgha.
  4822 | D:5      | Entered Level 5 of the Dungeon
  5045 | D:5      | Noticed Dowan
  5046 | D:5      | Noticed Duvessa
  5355 | D:5      | Noticed Blork the orc
  5366 | D:5      | Killed Blork the orc
  5366 | D:5      | Reached skill level 7 in Maces & Flails
  5412 | D:5      | Found a white marble altar of Elyvilon.
  5616 | D:5      | Killed Duvessa
  5629 | D:5      | Killed Dowan
  5629 | D:5      | Reached XP level 8. HP: 18/83 MP: 11/11
  6002 | D:5      | Noticed Prince Ribbit
  6032 | D:5      | Slain by Prince Ribbit

Skill      XL: |  1  2  3  4  5  6  7 |
---------------+----------------------+-----
Maces & Flails | 3 4 5 6 7 |  7.6
Invocations    | 3 4 |  4.4
Fighting       | 5 6 |  6.3
Dodging        | 3 |  3.7
Throwing       | 1 2 |  2.2

Action                   |  1- 3 |  4- 6 |  7- 9 || total
-------------------------+-------+-------+-------++-------
Melee: Mace              |   117 |   216 |    85 ||   418
Throw: Tomahawk          |       |     3 |     7 ||    10
  Use: Scroll            |     3 |     2 |     2 ||     7
       Potion            |     3 |     3 |       ||     6
 Stab: Sleeping          |     2 |     1 |     1 ||     4
       Distracted        |       |     1 |     1 ||     2
  Eat: Chunk             |     2 |     4 |     4 ||    10
       Meat ration       |       |     1 |       ||     1
       Pizza             |       |       |     1 ||     1
Armor: Robe              |    29 |    51 |    24 ||   104
Dodge: Dodged            |    62 |   112 |    32 ||   206
